 Dungeon Crawl Stone Soup version 0.29.0-4-gdea44cf6ec (webtiles) character file.

Game seed: 12599687290077850801

61 qw the Chopper (level 4, -1/26 HPs)
             Began as a Tengu Warper on Aug 28, 2022.
             Slain by Sigmund
             ... wielding a +1 vorpal scythe
              (5 damage)
             ... on level 3 of the Dungeon.
             The game lasted 00:00:14 (2860 turns).

qw the Chopper (Tengu Warper)                       Turns: 2860, Time: 00:00:15

Health: -1/26      AC:  5    Str: 16    XL:     4   Next: 7%
Magic:  8/8        EV: 11    Int: 16    God:
Gold:   147        SH:  0    Dex: 18    Spells: 7/7 levels left

rFire   . . .      SeeInvis .   Y - +0 hand axe
rCold   . . .      Faith    .   (no shield)
rNeg    . . .      Spirit   .   e - +0 ring mail
rPois   .          Reflect  .   (helmet restricted)
rElec   .          Harm     .   (no cloak)
rCorr   .          Rampage  .   (no gloves)
Will    .....                   (boots unavailable)
Stlth   ..........              (no amulet)
HPRegen 0.08/turn               n - +6 ring of dexterity
MPRegen 0.11/turn               (no ring)

@: confused
A: beak, talons 3, clever 1, strong 1, wild magic 1, MP-powered wands
a: no special abilities


You were on level 3 of the Dungeon.
You visited 1 branch of the dungeon, and saw 3 of its levels.

You collected 147 gold pieces.


Innate Abilities, Weirdness & Mutations

You have a beak for a mouth.
You have claws for feet.
Your mind is acute. (Int +4, Str/Dex -1)
Your muscles are strong. (Str +4, Int/Dex -1)
Your spells are a little harder to cast, but a little more powerful.
You expend magic power (3 MP) to strengthen your wands.


   Skills:
 - Level 2.0 Fighting
 + Level 4.6 Axes
 - Level 1.0 Throwing
 - Level 1.1 Armour
 - Level 2.1 Dodging
 - Level 2.0 Spellcasting
 - Level 2.4 Translocations


You had 7 spell levels left.
You didn't know any spells.
Your spell library contained the following spells:

 Spells                   Type           Power      Damage    Failure   Level
 Blink                    Tloc           24%        N/A       30%         2
 Gell's Gravitas          Tloc           12%        N/A       50%         3
 Lesser Beckoning         Tloc           12%        N/A       50%         3
 Teleport Other           Tloc           12%        N/A       50%         3
 Manifold Assault         Tloc           12%        N/A       99%         5

Inventory:

Hand Weapons
 c - a +0 hammer
 Y - a +0 hand axe (weapon)
Missiles
 d - 2 javelins (quivered)
Armour
 e - a +0 ring mail (worn)
Jewellery
 b - a +4 ring of slaying {mikee}
 n - a +6 ring of dexterity (left hand)
Scrolls
 g - a scroll of teleportation
 h - a scroll of identify
Potions
 a - a potion of flight {unknown}
 f - a potion of curing {unknown}
 j - 3 potions of mutation
 m - a potion of haste

Dungeon Overview and Level Annotations

Branches:
Dungeon (3/15)

Altars:
Trog

Annotations:
D:2 1 runed translucent door, Crazy Yiuf
D:3 Sigmund


Message History

Found a twisted diamond ring.
Sigmund shouts!
Sigmund mumbles some strange words.
Sigmund flickers and vanishes!
Deactivating autopickup; reactivate with Ctrl-A.
You swing at nothing.
Something tries to affect you, but you resist.
You swing at nothing.
You are confused.
You're too confused to attack without stumbling around!
There is a strange disturbance nearby!
You're too confused to attack without stumbling around!
There is a strange disturbance nearby!
You're too confused to attack without stumbling around!
There is a strange disturbance nearby!
Something tries to affect you, but you resist.
You're too confused to attack without stumbling around!
There is a strange disturbance nearby!
A puff of flame appears from out of thin air!
The puff of flame hits you!
You're too confused to attack without stumbling around!
There is a strange disturbance nearby!
You're too confused to attack without stumbling around!
You start resting.
You feel less confused.
You are confused.
You're too confused to attack without stumbling around!
You start resting.
Something hits you!
You're too confused to attack without stumbling around!
You start resting.
You feel less confused. Something hits you.
You swing at nothing.
You hear some strange, mumbled words.
You are confused.
You're too confused to attack without stumbling around!
You start resting.
Something hits you.
You die...

# ##### #.#.#
#.#.# .# #.#.#
.#+####
#.#.##....... #
#....#.....(.
#..###..#...%...
#......#.......
#####..#.......
#..@....(.=
#...##+####
##.... #....>#
#######


There were no monsters in sight!

Vanquished Creatures
  An adder (D:3)
  2 orcs (D:3)
  6 ball pythons
  3 endoplasms
  4 giant cockroaches
  5 goblins
  A hobgoblin (D:1)
  3 jackals (D:2)
  4 quokkas
  6 bats
  4 frilled lizards
  A kobold (D:1)
  5 rats
45 creatures vanquished.

Notes
Turn   | Place    | Note
-------+----------+-------------------------------------------
     0 | D:1      | qw the Tengu Warper began the quest for the Orb.
     0 | D:1      | Reached XP level 1. HP: 12/12 MP: 4/4
     0 | D:1      | 0 ||| qw: Version: 0.1-a-89-g26bdef1
     0 | D:1      | 0 ||| qw: Game counter: 2040
     0 | D:1      | 0 ||| qw: Always use a shield: true
     0 | D:1      | 0 ||| qw: God list: Okawaru
     0 | D:1      | 0 ||| qw: Allow faded altars: false
     0 | D:1      | 0 ||| qw: Do Orc after D:15 true
     0 | D:1      | 0 ||| qw: Do second Lair branch before Depths: true
     0 | D:1      | 0 ||| qw: Lair rune preference: random
     0 | D:1      | 0 ||| qw: Plans: Normal
     0 | D:1      | 0 ||| PLANNING D:1-11
   283 | D:1      | 283 ||| Stepping ~*~*~tactically~*~*~ (stealth).
   289 | D:1      | Reached XP level 2. HP: 10/17 MP: 6/6
   291 | D:1      | Reached skill level 3 in Axes
   577 | D:1      | 577 ||| Stepping ~*~*~tactically~*~*~ (stealth).
  1094 | D:1      | 1094 ||| Stepping ~*~*~tactically~*~*~ (stealth).
  1125 | D:1      | 1125 ||| Stepping ~*~*~tactically~*~*~ (stealth).
  1171 | D:1      | Reached XP level 3. HP: 21/21 MP: 7/7
  1363 | D:1      | 1363 ||| UPGRADING to +0 ring mail.
  1373 | D:1      | 1373 ||| DROPPING +0 leather armour.
  1374 | D:1      | 1374 ||| DROPPING ring of wizardry.
  1375 | D:1      | 1375 ||| UPGRADING to +6 ring of dexterity.
  1376 | D:1      | 1376 ||| READING scroll labelled WAOS DOINEMI.
  1377 | D:1      | 1377 ||| READING 3 scrolls labelled XEUFUP RIKENEZEV.
  1378 | D:1      | 1378 ||| READING 2 scrolls labelled NOXOLI XAETUE.
  1379 | D:1      | 1379 ||| READING scroll labelled XOMUTUXEXTOL.
  1480 | D:1      | 1480 ||| READING 2 scrolls labelled SYNEZXUOSE.
  1481 | D:1      | 1481 ||| DRINKING 2 black potions.
  1481 | D:1      | Gained mutation: Your spells are a little harder to cast,
                  | but a little more powerful. [potion of mutation]
  1481 | D:1      | Gained mutation: You expend magic power (3 MP) to
                  | strengthen your wands. [potion of mutation]
  1481 | D:1      | Gained mutation: Your mind is acute. (Int +4, Str/Dex -1)
                  | [potion of mutation]
  1481 | D:1      | Gained mutation: Your muscles are strong. (Str +4, Int/Dex
                  | -1) [potion of mutation]
  1482 | D:1      | 1482 ||| DROPPING scroll of blinking.
  1483 | D:1      | 1483 ||| DROPPING 2 scrolls of fear.
  1484 | D:1      | 1484 ||| DROPPING scroll of fog.
  1686 | D:2      | 1686 ||| Stepping ~*~*~tactically~*~*~ (stealth).
  1696 | D:2      | Reached skill level 4 in Axes
  2090 | D:2      | Found a faded altar of an unknown god.
  2240 | D:2      | Found a runed translucent door.
  2241 | D:2      | 2241 ||| DROPPING +0 club.
  2242 | D:2      | Noticed Crazy Yiuf
  2335 | D:2      | 2335 ||| READING scroll labelled XARICISHROCLA.
  2336 | D:2      | 2336 ||| READING scroll labelled XEEBEO ZEOTZ.
  2396 | D:2      | 2396 ||| READING 2 scrolls of identify.
  2396 | D:2      | 2396 ||| IDENTIFYING fizzy purple potion
  2673 | D:3      | 2673 ||| Stepping ~*~*~tactically~*~*~ (stealth).
  2744 | D:3      | Found a bloodstained altar of Trog.
  2778 | D:3      | Reached XP level 4. HP: 26/26 MP: 8/8
  2845 | D:3      | Noticed Sigmund
  2858 | D:3      | HP: 5/26 [something (3)]
  2860 | D:3      | Slain by Sigmund

Levels and vault maps discovered:
D:1:      grunt_arrival_crossed_arrows, layout_basic, serial_corexii_hall,
          corexii_hall_statues_deadend, chequers_hall_statues_wall_a,
          hangedman_abyss_or_decor_lesser_grid
D:2:      layout_basic, hellmonk_ecumenical_altar_inner_sanctum,
          uniq_crazy_yiuf_cottage
D:3:      layout_basic, lemuel_crystal_altar, uniq_sigmund

Skill      XL: |  1  2  3 |
---------------+----------+-----
Axes           | 3 4 |  4.6
Fighting       | |  2.0
Throwing       | |  1.0
Armour         | |  1.1
Dodging        | |  2.1
Spellcasting   | |  2.0
Translocations | |  2.4

Action                   |  1- 3 |  4- 6 || total
-------------------------+-------+-------++-------
Melee: Hand axe          |    97 |     4 ||   101
       Kick              |    23 |     2 ||    25
       Peck              |    10 |     1 ||    11
Throw: Boomerang         |     7 |       ||     7
       Javelin           |     1 |     4 ||     5
  Use: Scroll            |     8 |       ||     8
       Potion            |     1 |       ||     1
Armor: Leather armour    |    14 |       ||    14
       Ring mail         |    13 |     2 ||    15
Dodge: Dodged            |    51 |     1 ||    52

Table legend:
 A = Non-vault XP
 B = Vault XP
 C = Vault XP percentage of total XP
 D = Non-vault monster count
 E = Vault monster count
 F = Vault count percentage of total count
                 A         B        C        D         E       F
            +---------+---------+-------+---------+---------+-------
      Total |      88 |       0 |   0.0 |      45 |       0 |   0.0
            +---------+---------+-------+---------+---------+-------
        D:1 |      34 |       0 |   0.0 |      22 |       0 |   0.0
        D:2 |      22 |       0 |   0.0 |      12 |       0 |   0.0
        D:3 |      32 |       0 |   0.0 |      11 |       0 |   0.0
            +---------+---------+-------+---------+---------+-------
